 Dungeon Crawl Stone Soup version 0.31-a0-4-gefa6de2278 (webtiles) character file.

Game seed: 3048839825615246151

1429570 themarg the Worldbinder (level 27, 207/207 HPs)
             Began as a Merfolk Summoner on May 2, 2023.
             Was an Elder of Sif Muna.
             Escaped with the Orb
             ... and 3 runes on May 3, 2023!
             The game lasted 06:41:37 (104236 turns).

themarg the Worldbinder (Merfolk Summoner)        Turns: 104236, Time: 06:41:37

Health: 207/207    AC: 20    Str: 15      XL:     27
Magic:  66/66      EV: 16    Int: 30 (32) God:    Sif Muna [****..]
Gold:   6179       SH: 11    Dex: 16 (18) Spells: 3/66 levels left

rFire   + + +        Y - +9 demon trident (freeze)
rCold   + . .        z - +3 warlock's mirror {omnireflect}
rNeg    . . .        g - +1 faerie dragon scales {rCorr MP+10 Int+3}
rPois   +            t - +2 helmet {Int+3}
rElec   +            I - +2 cloak {Stlth+}
rCorr   +            e - +1 pair of gloves "Lynerph" {rElec Str+2 SInv}
SInv    +            R - +0 pair of boots of Gozag's Esteem {rPois rF+ Dex+3 SInv}
Will    ++++.        E - amulet "Gitok" {rF++ Regen+ rCorr}
Stlth   +            D - ring of Raar {rElec rF++ rC+ MP+9}
HPRegen 1.34/turn    Z - ring of Moodiness {Fly rElec Will++ Str+3 Slay+3}
MPRegen 0.40/turn

%: reflection
@: flying, studying 2 skills
A: (nimble swimmer 2), mertail, noise suppression
0: Orb of Zot
}: 3/15 runes: decaying, slimy, gossamer
a: Renounce Religion, Channel Magic, Forget Spell, Divine Exegesis


You escaped.
You worshipped Sif Muna.
Sif Muna was greatly pleased with you.
You visited 12 branches of the dungeon, and saw 55 of its levels.
You visited the Abyss 1 time.
You also visited: Bailey, Gauntlet, Ice Cave and Desolation.

You collected 12712 gold pieces.
You spent 6533 gold pieces at shops.

Inventory:

Hand Weapons
 Y - a +9 demon trident of freezing (weapon)
Missiles
 v - 29 poisoned darts
 F - 3 throwing nets (quivered)
 K - 15 curare-tipped darts
Armour
 e - the +1 pair of gloves "Lynerph" (worn) {rElec Str+2 SInv}
   (You found it in a Gauntlet)

   Str:       It affects your strength (+2).
   rElec:     It insulates you from electricity.
   SInv:      It lets you see invisible.
 g - the +1 faerie dragon scales (worn) {rCorr MP+10 Int+3}
   (You took it off the Enchantress on level 1 of the Depths)

   Int:       It affects your intelligence (+3).
   MP:        It affects your magic capacity (+10).
   rCorr:     It protects you from acid and corrosion.
 t - a +2 helmet of intelligence (worn)
 z - the +3 warlock's mirror (worn) {omnireflect}
   (You acquired it on level 1 of the Vaults)

   Omnireflect: It can block and reflect piercing ranged attacks and magical
   attacks against the wielder's willpower.
 I - a +2 cloak of stealth (worn)
 R - the +0 pair of boots of Gozag's Esteem (worn) {rPois rF+ Dex+3 SInv}
   (You bought it in a shop on level 2 of the Orcish Mines)

   Dex:       It affects your dexterity (+3).
   rF:        It protects you from fire.
   rPois:     It protects you from poison.
   SInv:      It lets you see invisible.
Jewellery
 a - the ring "Ciukoiwn" {Ice rN+ Str+3 Int+4 Stlth+}
   (You found it in a Gauntlet)

   [ring of ice]

   It enhances your ice magic.
   Str:       It affects your strength (+3).
   Int:       It affects your intelligence (+4).
   rF:        It makes you vulnerable to fire.
   rC:        It protects you from cold.
   rN:        It protects you from negative energy.
   Stlth:     It makes you more stealthy.
 C - the ring of Agnosticism {rF+ Str+6 Int+3}
   (You found it on level 1 of the Depths)

   [ring of protection from fire]

   Str:       It affects your strength (+6).
   Int:       It affects your intelligence (+3).
   rF:        It protects you from fire.
 D - the ring of Raar (left hand) {rElec rF++ rC+ MP+9}
   (You took it off a deep elf demonologist on level 3 of the Elven Halls)

   [ring of magical power]

   rF:        It greatly protects you from fire.
   rC:        It protects you from cold.
   rElec:     It insulates you from electricity.
   MP:        It affects your magic capacity (+9).
 E - the amulet "Gitok" (around neck) {rF++ Regen+ rCorr}
   (You took it off a vampire knight on level 3 of the Crypt)

   [amulet of regeneration]

   rF:        It greatly protects you from fire.
   Regen:     It increases your rate of health regeneration.
   rCorr:     It protects you from acid and corrosion.
 H - a ring of willpower
 M - the ring "Ihuz" {rPois rF+ Dex+3 SInv}
   (You took it off an ironbound convoker in the Desolation of Salt)

   [ring of protection from fire]

   Dex:       It affects your dexterity (+3).
   rF:        It protects you from fire.
   rPois:     It protects you from poison.
   SInv:      It lets you see invisible.
 Z - the ring of Moodiness (right hand) {Fly rElec Will++ Str+3 Slay+3}
   (You found it in a Gauntlet)

   [ring of flight]

   Str:       It affects your strength (+3).
   Slay:      It affects your accuracy & damage with ranged weapons and melee
   (+3).
   rElec:     It insulates you from electricity.
   Fly:       It grants you flight.
   Will:      It greatly increases your willpower.
Wands
 c - a wand of mindburst (50)
 l - a wand of charming (51)
 n - a wand of polymorph (17)
 o - a wand of quicksilver (64)
 A - a wand of digging (15)
 V - a wand of iceblast (66)
Scrolls
 d - 8 scrolls of fog
 f - 20 scrolls of teleportation
 i - 2 scrolls of enchant weapon
 q - 2 scrolls of brand weapon
 s - 3 scrolls of fear
 x - 5 scrolls of silence
 y - a scroll of vulnerability
 B - 3 scrolls of blinking
 N - 3 scrolls of summoning
 P - 4 scrolls of immolation
 X - 3 scrolls of poison
Potions
 b - 7 potions of magic
 h - 15 potions of mutation
 j - 8 potions of invisibility
 k - 8 potions of cancellation
 m - 9 potions of curing
 p - 8 potions of lignification
 w - 3 potions of resistance
 G - 10 potions of attraction
 L - 6 potions of ambrosia
 O - 8 potions of brilliance
 Q - 7 potions of might
 T - 7 potions of heal wounds
 U - 3 potions of flight
 W - 9 potions of haste
Miscellaneous
 r - a lightning rod (4/4)
 J - a phantom mirror
 S - a box of beasts


   Skills:
 - Level 15.0 Fighting
 - Level 16.0 Polearms
 - Level 10.0 Armour
 - Level 10.0 Dodging
 - Level 4.0 Stealth
 - Level 15.0 Shields
 - Level 20.0 Spellcasting
 - Level 7.0 Conjurations
 - Level 3.0 Hexes
 - Level 25.0 Summonings
 - Level 10.0 Necromancy
 - Level 10.0 Translocations
 - Level 8.0 Ice Magic
 - Level 7.0 Air Magic
 - Level 10.0 Earth Magic
 - Level 3.0 Poison Magic
 + Level 18.9 Invocations
 + Level 12.7 Evocations


You had 3 spell levels left.
You knew the following spells:

 Your Spells              Type           Power      Damage    Failure   Level
a - Dispersal             Tloc           37%        N/A       4%          6
b - Monstrous Menagerie   Summ           55%        N/A       1%          7
c - Borgnjor's Vile Clut  Necr/Erth      37%        N/A       1%          5
d - Summon Horrible Thin  Summ           55%        N/A       1%          8
e - Malign Gateway        Summ/Tloc      47%        N/A       1%          7
f - Freezing Cloud        Conj/Ice/Air   32%        6-21      2%          5
g - Blink                 Tloc           100%       N/A       1%          2
h - Sublimation of Blood  Necr           74%        N/A       1%          2
i - Haunt                 Necr/Summ      47%        N/A       1%          7
j - Dragon's Call         Summ           55%        N/A       7%          9
k - Passage of Golubria   Tloc           74%        N/A       1%          4
l - Apportation           Tloc           100%       N/A       1%          1

Your spell library contained the following spells:

 Spells                   Type           Power      Damage    Failure   Level
 Summon Small Mammal      Summ           100%       N/A       0%          1
 Call Imp                 Summ           100%       N/A       0%          2
 Call Canine Familiar     Summ           100%       N/A       0%          3
 Beastly Appendage        Tmut           60%        N/A       1%          1
 Foxfire                  Conj/Fire      100%       2x1d9     1%          1
 Freeze                   Ice            100%       1d10      1%          1
 Kiss of Death            Conj/Necr      100%       2d13      1%          1
 Magic Dart               Conj           100%       1d8       1%          1
 Necrotise                Necr           100%       1d9       1%          1
 Sandblast                Erth           100%       2d20      1%          1
 Shock                    Conj/Air       100%       1d9       1%          1
 Slow                     Hex            100%       N/A       1%          1
 Sting                    Tmut/Pois      100%       1d8       1%          1
 Cigotuvi's Dreadful Rot  Necr/Pois/Air  100%       N/A       1%          2
 Ensorcelled Hibernation  Hex/Ice        100%       N/A       1%          2
 Lesser Beckoning         Tloc           100%       N/A       1%          2
 Momentum Strike          Conj/Tloc      100%       3d10      1%          2
 Passwall                 Tmut/Erth      46%        N/A       1%          2
 Poisonous Vapours        Pois/Air       100%       N/A       1%          2
 Searing Ray              Conj           100%       2d8       1%          2
 Static Discharge         Conj/Air       100%       2-7/arc   1%          2
 Confusing Touch          Hex            48%        N/A       1%          3
 Dazzling Flash           Conj/Hex       100%       N/A       1%          3
 Frozen Ramparts          Ice            100%       1d16      1%          3
 Gell's Gravitas          Tloc           74%        N/A       1%          3
 Hailstorm                Conj/Ice       66%        3d14      1%          3
 Mephitic Cloud           Conj/Pois/Air  59%        N/A       1%          3
 Ozocubu's Armour         Ice            67%        N/A       1%          3
 Portal Projectile        Hex/Tloc       100%       N/A       1%          3
 Stone Arrow              Conj/Erth      100%       3d13      1%          3
 Summon Guardian Golem    Hex/Summ       85%        N/A       1%          3
 Swiftness                Air            64%        N/A       1%          3
 Teleport Other           Tloc           74%        N/A       1%          3
 Tukima's Dance           Hex            48%        N/A       1%          3
 Vampiric Draining        Necr           74%        2d11      1%          3
 Vhi's Electric Charge    Tloc/Air       100%       N/A       1%          3
 Volatile Blastmotes      Fire/Tloc      100%       2d18      1%          3
 Scorch                   Fire           60%        2d7       2%          2
 Wereblood                Tmut           30%        N/A       2%          2
 Ignite Poison            Fire/Tmut/Pois 36%        N/A       3%          3
 Inner Flame              Hex/Fire       39%        N/A       3%          3
 Spider Form              Tmut/Pois      39%        N/A       3%          3
 Animate Armour           Summ/Erth      100%       N/A       0%          4
 Summon Cactus Giant      Summ           55%        N/A       0%          6
 Airstrike                Air            32%        2d(5-21)  1%          4
 Anguish                  Hex/Necr       31%        N/A       1%          4
 Animate Dead             Necr           74%        N/A       1%          4
 Dispel Undead            Necr           74%        3d25      1%          4
 Iskenderun's Mystic Bla  Conj/Tloc      69%        2d14      1%          4
 Leda's Liquefaction      Hex/Erth       31%        N/A       1%          4
 Manifold Assault         Tloc           74%        N/A       1%          4
 Summon Ice Beast         Ice/Summ       91%        N/A       1%          4
 Summon Lightning Spire   Summ/Air       90%        N/A       1%          4
 Agony                    Necr           74%        N/A       1%          5
 Lee's Rapid Deconstruct  Erth           37%        3d18*     1%          5
 Summon Forest            Summ/Tloc      47%        N/A       1%          5
 Summon Mana Viper        Hex/Summ       85%        N/A       1%          5
 Summon Hydra             Summ           55%        N/A       1%          7
 Fulminant Prism          Conj/Hex       28%        3d14      2%          4
 Petrify                  Tmut/Erth      56%        N/A       2%          4
 Spellforged Servitor     Conj/Summ      45%        N/A       2%          7
 Ice Form                 Ice/Tmut       52%        N/A       3%          4
 Arcjolt                  Conj/Air       32%        1d42      3%          5
 Iskenderun's Battlesphe  Conj           64%        2d11      3%          5
 Flame Wave               Conj/Fire      50%        2d12      4%          4
 Sticky Flame             Conj/Fire      50%        2d7       4%          4
 Death Channel            Necr           37%        N/A       4%          6
 Olgreb's Toxic Radiance  Pois           48%        N/A       5%          4
 Metabolic Englaciation   Hex/Ice        29%        N/A       5%          5
 Silence                  Hex/Air        28%        N/A       7%          5
 Simulacrum               Ice/Necr       35%        N/A       7%          6
 Iron Shot                Conj/Erth      34%        9d7       9%          6
 Fireball                 Conj/Fire      25%        3d11      12%         5
 Irradiate                Conj/Tmut      25%        3d20      12%         5
 Conjure Ball Lightning   Conj/Air       32%        3x3d10    16%         6
 Alistair's Intoxication  Tmut/Pois      26%        N/A       28%         5
 Yara's Violent Unravell  Hex/Tmut       19%        3d9       28%         5
 Statue Form              Tmut/Erth      37%        N/A       36%         6
 Blade Hands              Tmut           15%        N/A       45%         5
 Ozocubu's Refrigeration  Ice            33%        4d14      52%         7
 Plasma Beam              Fire/Air       25%        2x1d41    56%         6
 Starburst                Conj/Fire      25%        6d8       56%         6
 Orb of Destruction       Conj           32%        9d10      65%         7
 Eringya's Noxious Bog    Tmut/Pois      19%        N/A       83%         6
 Borgnjor's Revivificati  Necr           37%        N/A       90%         8
 Disjunction              Tloc           37%        N/A       90%         8
 Infestation              Necr           37%        N/A       90%         8
 Storm Form               Tmut/Air       25%        N/A       98%         7
 Lehudib's Crystal Spear  Conj/Erth      34%        10d9      98%         8
 Enfeeble                 Hex            24%        N/A       99%         7
 Dragon Form              Tmut           15%        N/A       100%        7
 Discord                  Hex            24%        N/A       100%        8
 Ignition                 Fire           15%        3d6       100%        8
 Maxwell's Capacitive Co  Air            32%        ∞         100%        8
 Necromutation            Tmut/Necr      28%        N/A       100%        8
 Chain Lightning          Conj/Air       32%        3d42      100%        9
 Death's Door             Necr           37%        N/A       100%        9
 Fire Storm               Conj/Fire      25%        8d6       100%        9
 Polar Vortex             Ice            33%        N/A       100%        9
 Shatter                  Erth           37%        3d29*     100%        9


Dungeon Overview and Level Annotations

Branches:
Dungeon (15/15)            Temple (1/1) D:6            Lair (5/5) D:11
  Swamp (4/4) Lair:2       Spider (4/4) Lair:2        Slime (5/5) Lair:4
    Orc (2/2) D:11            Elf (3/3) Orc:2        Vaults (4/5) D:13
  Crypt (3/3) Vaults:2       Tomb (0/3) Crypt:3      Depths (4/4) D:15
    Zot (5/5) Depths:4     Bailey (visited)           IceCv (visited)
Desolation (visited)      Gauntlet (visited)

Altars:
Ashenzari
Cheibriados
Dithmenos
Elyvilon
Fedhas
Gozag
Hepliaklqana
Kikubaaqudgha
Makhleb
Nemelex Xobeh
Okawaru
Qazlal
Ru
Sif Muna
Trog
Uskayaw
Vehumet
Wu Jian
Xom
Yredelemnul
Zin
The Shining One
Jiyva
Lugonu

Shops:
D:5 *   D:7 ?   D:9 [   D:12 *   Orc:2 ([(*=   Elf:2 *   Elf:3 (=([=
Vaults:1 *[[:   Vaults:2 [   Vaults:3 =*[   Depths:1 :   Depths:2 *

Portals:
Hell: Depths:1 Depths:2 Depths:3 Depths:4
Abyss: Lair:5 Depths:3
Pandemonium: Depths:2 Depths:4
Ziggurat: Depths:2

Annotations:
Elf:2 3 runed translucent doors
Zot:3 exclusion: upstairs
Zot:5 2 exclusions


Innate Abilities, Weirdness & Mutations

((You are very nimble when in or above water. (Stealth+, EV+, Speed+++)))
Your lower body shifts to a powerful aquatic tail in water.
You passively dampen the noise of your surroundings.


Message History

There is a stone staircase leading up here.
You fly upwards.
There is a stone staircase leading down here.
There is a stone staircase leading up here.
You fly upwards.
There is a stone staircase leading down here.
A ynoxinul comes into view.
You feel yourself speed up.
The ynoxinul gestures.
The ufetubus hits you but does no damage.
The ufetubus closely misses you. You block the ynoxinul's attack.
The ufetubus hits you but does no damage. x2
There is a stone staircase leading up here.
You impale the ynoxinul!! You freeze the ynoxinul.
The ynoxinul is almost dead.
You barely miss the ynoxinul.
The ynoxinul is almost dead.
You impale the ynoxinul!!
You kill the ynoxinul!
Sif Muna accepts your kill.
The ufetubus disappears in a puff of smoke! x3
You fly upwards.
There is a stone staircase leading down here.
(D) Dungeon (T) Temple (L) Lair (S) Swamp (N) Spider Nest (M) Slime Pits (O) Orcish Mines (E) Elven Halls (V) Vaults (C) Crypt (W) Tomb (U) Depths (H) Hell (Z) Zot
Where to? (Enter - D:1 @ (x,y), ? - help)
There is a stone staircase leading up here.
You fly upwards.
There is a stone staircase leading down here.
There is a stone staircase leading up here.
You fly upwards.
There is a stone staircase leading down here.
Your extra speed is starting to run out.
You feel yourself slow down.
There is an open door here.
There is a staircase leading out of the dungeon here.
Okay, then.
You have escaped!

## .## ..# .##
################### .#
#.................#
.######.###...##....###.#
........# #...##..####..#
#######.# #.>##...>##..##
..# #.# #.###.@.###..#
#.# #.# #..#....##...#
#.# #.# #.##...###..##
#.# #.# #.#....##...##
#.#####.# #.#...###....#
........# ###..###.....#
#.####..###.'...##...###
#.###...##..##..#....#
.......###.#####..####


There were no monsters in sight!

Vanquished Creatures
  Khufu (Crypt:3)
  An orb of fire (Zot:5)
  A royal mummy (Crypt:3)
  3 Killer Klowns
  Frederick (Crypt:1)
  Jory (Crypt:3)
  3 golden dragons
  2 bone dragons
  A hellephant (Vaults:2)
  3 tentacled monstrosities
  9 Orb Guardians (Zot:5)
  A lich (Crypt:3)
  2 titans
  A deep elf master archer (Elf:3)
  5 acid blobs
  A deep elf blademaster (Elf:3)
  2 ancient champions
  4 sphinxes
  2 death cobs
  3 storm dragons
  3 draconian monks
  A tengu reaver (Depths:2)
  2 draconian knights
  2 rockslimes
  6 azure jellies
  3 shadow dragons
  A daeva (Depths:2)
  6 frost giants
  4 fire giants
  An imperial myrmidon (Desolation)
  3 deep elf sorcerers (Elf:3)
  9 vault wardens
  8 ghost moths
  3 draconian scorchers
  2 draconian shifters
  A reaper (Depths:1)
  4 ironbound preservers
  2 deep elf elementalists
  7 quicksilver oozes
  A draconian stormcaller (Zot:5)
  A spriggan defender (Depths:2)
  3 orc warlords
  5 stone giants
  A broodmother (Spider:1)
  2 very ugly things
  A caustic shrike skeleton (Crypt:2)
  2 deep elf demonologists (Elf:3)
  9 vampire knights
  3 black draconians
  A halazid warlock (Desolation)
  4 yellow draconians
  2 spectral hellephants (Crypt:2)
  4 deep elf annihilators (Elf:3)
  5 red draconians
  3 white draconians
  3 dire elephants
  3 green draconians
  5 purple draconians
  6 bunyips
  A minotaur (Gauntlet)
  7 spark wasps
  A fire dragon (Depths:3)
  3 jiangshi
  5 deep elf death magi
  5 ettins
  An eidolon (Crypt:2)
  5 entropy weavers
  6 ice dragons
  9 yaktaur captains
  5 great orbs of eyes
  A ragged hierophant (Desolation)
  A hydra (shapeshifter) (Depths:3)
  2 jorogumos (Spider:4)
  4 peacekeepers
  6 ironbound frosthearts
  8 hydras
  4 spriggan air magi
  5 centaur warriors
  2 death knights (Crypt:1)
  A catoblepas (Lair:4)
  2 ghost crabs
  A boulder beetle (shapeshifter) (Vaults:4)
  6 two-headed ogres
  A fenstrider witch zombie (Crypt:2)
  3 boulder beetles
  4 vampire magi
  3 thrashing horrors
  8 dancing weapons
  2 deep troll earth magi
  9 death yaks
  2 deep troll shamans
  2 alligators
  3 spriggan berserkers
  3 orc high priests
  3 tengu warriors
  4 skeletal warriors (Crypt:3)
  A deep elf knight (Elf:2)
  10 hell knights
  2 iron trolls (Depths:3)
  A bunyip zombie (Crypt:1)
  2 sun moths
  A sixfirhy (Abyss:2)
  31 deep trolls
  A goliath frog (Swamp:2)
  A pharaoh ant (Spider:4)
  2 spriggan druids
  A shadow wraith (Crypt:3)
  2 orb spiders (shapeshifter)
  4 swamp dragons
  A glowing orange brain (Vaults:3)
  2 flayed ghosts
  A death drake (Swamp:3)
  A golden dragon zombie (Crypt:3)
  A swamp dragon (shapeshifter) (Abyss:2)
  A golden dragon skeleton (Depths:3)
  4 deep elf archers
  A bog body (Swamp:1)
  A spriggan simulacrum (Crypt:2)
  9 ironbound convokers
  6 deep elf zephyrmancers
  2 orb spiders (Spider:4)
  4 lindwurms
  An orange crystal statue (IceCv)
  14 phantasmal warriors
  4 wizards
  3 necromancers
  A harpy (Vaults:1)
  8 deep elf pyromancers
  4 orc knights
  3 manticores
  4 orc sorcerers (Orc:2)
  A shining eye (Slime:2)
  A manticore (shapeshifter) (Depths:3)
  28 ugly things
  4 wolf spiders
  2 moths of wrath (shapeshifter)
  A shadow dragon skeleton (Crypt:3)
  A cyclops (D:13)
  3 elephants
  6 vault sentinels
  A centaur zombie (Crypt:3)
  An eye of devastation (shapeshifter) (Depths:3)
  13 moths of wrath
  A dire elephant zombie (Abyss:2)
  A black mamba (Lair:5)
  6 demonic crawlers
  3 large abominations
  3 smoke demons
  A gargoyle (D:14)
  A hellion (Vaults:2)
  An alligator snapping turtle zombie (Crypt:3)
  3 cane toads
  2 torpor snails
  A dire elephant skeleton (Crypt:1)
  6 rime drakes
  A purple draconian zombie (Crypt:1)
  A freezing wraith (Crypt:1)
  2 komodo dragons
  An ice devil (Abyss:2)
  A white draconian skeleton (Crypt:3)
  15 yaktaurs
  An ancient zyme (Abyss:2)
  2 redback zombies (Crypt:3)
  A guardian mummy (Crypt:3)
  An unseen horror skeleton (Crypt:3)
  4 trolls
  2 tyrant leeches
  2 harpy zombies
  4 polar bears (IceCv)
  7 hornets
  17 blink frogs
  12 saltlings (Desolation)
  12 tarantellas
  2 meliai (Depths:3)
  12 nameless horrors
  40 slime creatures
  10 jumping spiders
  2 black mamba zombies (Crypt:3)
  2 culicivoras (Spider:4)
  2 air elementals (Elf:1)
  9 spriggans
  2 vampires
  3 ynoxinuls
  5 water elementals
  6 wraiths
  A shadow (D:11)
  2 fire elementals
  23 yaks
  A vampire mosquito (Swamp:1)
  A basilisk (Lair:5)
  A spectral komodo dragon (Gauntlet)
  6 golden eyes
  26 redbacks
  A chaos spawn (Lair:5)
  12 swamp worms
  4 wargs
  A glowing shapeshifter zombie (Crypt:1)
  A merfolk zombie (Crypt:3)
  2 acid dragons
  4 water moccasins
  A floating eye (Slime:4)
  29 orc warriors
  Pargi (D:3)
  A sky beast (shapeshifter) (Lair:5)
  A swamp dragon zombie (Crypt:2)
  2 ice beasts (D:6)
  3 swamp drakes
  3 black bears
  A manticore zombie (Crypt:2)
  A boggart (Elf:1)
  4 ogres
  15 wolves
  11 centaurs
  5 starcursed masses (Abyss:2)
  A lemure (D:6)
  2 kobold brigands (D:11)
  2 bullfrogs
  2 gnoll sergeants
  2 earth elementals
  A scorpion (D:5)
  6 small abominations
  2 wights
  4 electric eels (Lair:2)
  7 killer bees
  A howler monkey (D:6)
  7 orc priests
  A sleepcap (D:5)
  Natasha (twice) (D:2)
  16 orc wizards
  A scorpion zombie (Crypt:3)
  An acid dragon skeleton (Crypt:3)
  An ice beast zombie (Crypt:3)
  A naga skeleton (Crypt:3)
  A hound skeleton (Crypt:2)
  7 mummies
  6 gnolls
  2 adders
  2 white imps
  A worm (D:4)
  43 orcs
  A bat (D:3)
  2 endoplasms
  2 hobgoblins
  2 quokkas
  A frilled lizard (D:2)
  4 goblins
  A briar patch (Swamp:4)
  2 snaplasher vines
  A starspawn tentacle (Abyss:2)
1026 creatures vanquished.

Vanquished Creatures (collateral kills)
  the Royal Jelly (Slime:5)
  2 dread liches
  Mara (Elf:3)
  4 orbs of fire (Zot:5)
  A juggernaut (Depths:3)
  Sojobo (Depths:2)
  A royal mummy (Crypt:3)
  Boris (twice) (Depths:3 Depths:4)
  3 Killer Klowns
  3 caustic shrikes
  3 curse toes
  Margery (Vaults:3)
  7 golden dragons
  Arachne (Spider:4)
  the Enchantress (Depths:1)
  A bone dragon (Depths:4)
  2 electric golems
  A doom hound (Crypt:2)
  8 tentacled monstrosities
  5 liches
  A walking crystal tome (Depths:3)
  3 deep elf master archers (Elf:3)
  11 Orb Guardians (Zot:5)
  17 acid blobs
  Asterion (Vaults:1)
  A walking divine tome (Depths:3)
  7 quicksilver dragons
  A tentacled starspawn (Abyss:2)
  2 thorn hunters (Swamp:4)
  2 sphinxes
  An ancient champion (Crypt:2)
  2 eldritch tentacles
  3 shadow dragons
  10 death cobs
  3 tengu reavers
  5 storm dragons
  Donald (Spider:4)
  2 revenants
  5 draconian knights
  5 fire giants
  5 draconian monks
  4 rockslimes
  11 frost giants
  2 deep elf sorcerers (Elf:3)
  11 azure jellies
  An iron dragon (Depths:3)
  Louise (Spider:4)
  A balrug (Depths:1)
  4 vault wardens
  A cacodemon (Depths:3)
  A juggernaut zombie (Crypt:3)
  2 emperor scorpions (Spider:3)
  A caustic shrike zombie (Crypt:3)
  4 draconian scorchers
  An imperial myrmidon (Desolation)
  Aizul (Elf:3)
  2 orc warlords
  7 spriggan defenders
  3 ghost moths
  4 draconian stormcallers
  8 stone giants
  5 very ugly things
  2 deep elf elementalists (Elf:3)
  2 draconian annihilators
  A curse skull (Crypt:3)
  3 war gargoyles (Vaults:4)
  12 ironbound preservers
  6 draconian shifters
  7 ghouls
  12 quicksilver oozes
  A reaper (Depths:4)
  11 vampire knights
  8 black draconians
  2 ironbound thunderhulks
  2 deep elf demonologists (Elf:3)
  6 deep elf annihilators
  8 green draconians
  10 yellow draconians
  10 spark wasps
  2 eleionomae
  9 dire elephants
  The ghost of Yvvueqof the Covert, a journeyman FeEn of Dithmenos (Spider:3)
  10 red draconians
  8 white draconians
  3 bunyips
  2 halazid warlocks (Desolation)
  6 purple draconians
  3 ettins
  6 eidola
  2 deep elf death magi
  A quicksilver dragon zombie (Crypt:1)
  2 spectral elves (Crypt:2)
  A crystal guardian (Vaults:4)
  The ghost of patfeehan111222 the Cleaver, a journeyman DsBe of Trog (D:12)
  8 yaktaur captains
  2 fire dragons
  A merfolk impaler (Depths:3)
  4 ragged hierophants (Desolation)
  A merfolk javelineer (Depths:1)
  3 deep elf high priests
  6 great orbs of eyes
  10 jiangshi
  3 entropy weavers
  5 ice dragons
  4 rakshasas
  A servant of whispers (Desolation)
  4 vault guards
  9 peacekeepers
  An ogre mage (D:15)
  A spriggan air mage (Depths:4)
  A quicksilver dragon skeleton (Crypt:1)
  2 spriggan zombies (Crypt:3)
  8 jorogumos
  2 ghost crabs
  5 centaur warriors
  A spriggan skeleton (Crypt:1)
  A catoblepas (Lair:5)
  4 boulder beetles
  4 radroaches
  2 death knights
  8 ironbound frosthearts
  Erica (D:10)
  15 hydras
  7 death yaks
  9 dancing weapons
  4 alligators
  A deep troll shaman (Depths:1)
  A bennu skeleton (Crypt:1)
  2 death scarabs
  2 two-headed ogres
  A thrashing horror (Lair:5)
  3 deep troll earth magi
  7 vampire magi
  A tengu warrior (D:15)
  3 orc high priests
  5 spriggan berserkers
  A soul eater (Crypt:1)
  A storm dragon zombie (Depths:3)
  3 deep elf knights
  19 hell knights
  2 shadow wraiths
  11 spriggans
  5 iron trolls
  6 pharaoh ants
  2 sun moths
  An iron giant zombie (Crypt:3)
  28 skeletal warriors
  A death drake (shapeshifter) (Vaults:1)
  2 spatial maelstroms (Abyss:2)
  An anaconda zombie (Crypt:3)
  A deep troll (shapeshifter) (Elf:3)
  2 goliath frogs
  35 deep trolls
  7 flayed ghosts
  11 orb spiders
  A shadow dragon zombie (Crypt:2)
  7 deep elf archers
  2 glowing orange brains
  16 deep elf pyromancers
  5 wizards
  5 swamp dragons
  Pikel (D:6)
  12 ironbound convokers
  6 bog bodies
  A tengu zombie (Depths:3)
  2 large abominations (Abyss:2)
  6 orc sorcerers
  2 orc knights
  15 phantasmal warriors
  An oklob plant (Gauntlet)
  6 necromancers
  15 deep elf zephyrmancers
  3 shining eyes
  19 wolf spiders
  23 ugly things
  3 steelbarb worms
  2 will-o-the-wisps
  3 cyclopes
  A worldbinder (Abyss:2)
  2 manticores
  A human skeleton (Crypt:1)
  16 moths of wrath
  2 guardian serpents (Desolation)
  75 slime creatures
  5 elephants
  A torpor snail (Spider:1)
  3 cane toads
  2 orange demons (Depths:3)
  An alligator snapping turtle zombie (Crypt:1)
  A gargoyle (D:11)
  4 vault sentinels
  4 smoke demons
  An apocalypse crab (Abyss:2)
  7 demonic crawlers
  A centaur skeleton (Crypt:3)
  2 starcursed masses (Abyss:2)
  A pale draconian zombie (Crypt:2)
  Psyche (D:8)
  17 yaktaurs
  2 komodo dragons
  10 rime drakes
  A yaktaur (shapeshifter) (D:15)
  2 tengu conjurers (Depths:1)
  An efreet (Depths:3)
  A freezing wraith (Crypt:1)
  An ancient zyme (Lair:5)
  9 trolls
  8 meliai
  9 hornets
  33 saltlings (Desolation)
  4 tyrant leeches
  A polar bear (IceCv)
  A wolf spider simulacrum (D:14)
  Prince Ribbit (D:6)
  A death drake skeleton (Crypt:1)
  21 tarantellas
  A moth of wrath zombie (Crypt:1)
  14 blink frogs
  11 jumping spiders
  An air elemental (Elf:3)
  12 culicivoras
  10 wraiths
  2 wyverns
  13 water elementals
  A shadow (D:10)
  40 yaks
  2 fire elementals
  A ynoxinul (Lair:5)
  Grum (Lair:1)
  2 golden eyes (Slime:5)
  A steam dragon (D:8)
  2 neqoxecs (Abyss:2)
  34 redbacks
  3 wargs
  2 vampire mosquitoes
  A spatial vortex (Abyss:2)
  6 swamp worms
  7 water moccasins
  6 nameless horrors
  4 acid dragons
  3 small abominations (Lair:5)
  3 swamp drakes (Swamp:4)
  2 ice beasts (D:6)
  31 orc warriors
  3 black bears
  A boggart (Elf:1)
  5 ogres
  A cane toad skeleton (Crypt:2)
  12 wolves
  8 centaurs
  A lemure (D:6)
  A kobold brigand (D:9)
  An earth elemental (Elf:3)
  6 bullfrogs
  A necrophage (Crypt:3)
  5 gnoll sergeants
  5 scorpions
  13 wights
  9 killer bees
  2 howler monkeys (D:12)
  An electric eel (Lair:2)
  A crimson imp (D:5)
  4 hounds
  19 orc priests
  5 jellies (Lair:4)
  A black bear zombie (Crypt:2)
  2 gnoll boudas
  Natasha (D:2)
  2 iguanas (D:5)
  24 orc wizards
  A sleepcap (D:5)
  A basilisk skeleton (Crypt:1)
  An ice beast zombie (Crypt:1)
  An acid dragon skeleton (Crypt:3)
  6 mummies (Crypt:3)
  Robin (D:4)
  19 gnolls
  5 adders
  2 shadow imps (D:7)
  A white imp (Abyss:2)
  4 ufetubi
  A worm (D:2)
  3 dart slugs
  79 orcs
  5 endoplasms
  3 giant cockroaches
  18 goblins
  9 hobgoblins
  3 jackals (D:4)
  5 quokkas
  10 ball pythons
  3 bats
  2 frilled lizards (D:1)
  7 kobolds
  2 rats
  A briar patch (Swamp:4)
  2 starspawn tentacles (Abyss:2)
1629 creatures vanquished.

Vanquished Creatures (others)
  44 eldritch tentacles
  2 fire giants (Depths:3)
  An ironbound preserver (Vaults:1)
  An eleionoma (Swamp:4)
  A white draconian (Zot:2)
  A quicksilver dragon zombie (Depths:3)
  An alligator (Swamp:4)
  A spriggan (Swamp:2)
  A swamp dragon (Swamp:4)
  A deep elf zephyrmancer (Elf:3)
  An ugly thing (Vaults:2)
  A moth of wrath (Zot:5)
  4 bloated husks
  A polar bear (IceCv)
  2 hornets (Swamp:2)
  A saltling (Desolation)
  An orc warrior (D:6)
  A scorpion (shapeshifter) (Depths:3)
  An orc wizard (D:6)
  2 orcs (D:6)
  3 foxfires
  40 fungi
  4 pillars of salt (Desolation)
  91 plants
  7 snaplasher vines
  2 starspawn tentacles (Abyss:2)
216 creatures vanquished.

Grand Total: 2871 creatures vanquished

Notes
Turn   | Place    | Note
-------+----------+-------------------------------------------
     0 | D:1      | themarg the Merfolk Summoner began the quest for the Orb.
     0 | D:1      | Reached XP level 1. HP: 13/13 MP: 3/3
   211 | D:1      | Reached XP level 2. HP: 12/19 MP: 1/5
   214 | D:1      | Learned a level 2 spell: Call Imp
   541 | D:1      | Reached XP level 3. HP: 20/24 MP: 1/6
   599 | D:1      | Learned a level 3 spell: Call Canine Familiar
   714 | D:1      | Reached skill level 5 in Summonings
  1337 | D:2      | Noticed Natasha
  1356 | D:2      | Killed Natasha
  1357 | D:2      | Reached XP level 4. HP: 25/30 MP: 1/7
  1408 | D:2      | Noticed Natasha
  1413 | D:2      | Killed Natasha
  1490 | D:2      | Reached skill level 6 in Summonings
  1600 | D:2      | Found a faded altar of an unknown god.
  1761 | D:2      | Reached XP level 5. HP: 35/35 MP: 8/8
  1761 | D:2      | Noticed Natasha
  1774 | D:2      | Killed Natasha
  2070 | D:2      | Found a shimmering altar of Xom.
  2721 | D:3      | Noticed Pargi
  3465 | D:4      | Identified the +5 arbalest "Yhib" {flame, rF- Dex+4}
  3548 | D:4      | Noticed a black bear
  3556 | D:4      | Killed a black bear
  3557 | D:4      | Reached skill level 7 in Summonings
  3557 | D:4      | Reached XP level 6. HP: 32/41 MP: 5/9
  3558 | D:4      | Noticed Robin
  3581 | D:4      | Killed Robin
  3861 | D:4      | Noticed a black bear
  3872 | D:4      | Killed a black bear
  3873 | D:4      | Reached skill level 8 in Summonings
  3873 | D:4      | Reached skill level 1 in Polearms
  3873 | D:4      | Reached XP level 7. HP: 33/46 MP: 5/10
  4090 | D:5      | Entered Level 5 of the Dungeon
  4266 | D:5      | Reached skill level 1 in Air Magic
  4411 | D:5      | Found a burning altar of Makhleb.
  4411 | D:5      | Found a radiant altar of Vehumet.
  4492 | D:5      | Found a glowing silver altar of Zin.
  4832 | D:5      | Reached XP level 8. HP: 52/52 MP: 11/11
  4968 | D:5      | Found a stormy altar of Qazlal.
  4968 | D:5      | Found an iron altar of Okawaru.
  5036 | D:5      | Found a glowing golden altar of the Shining One.
  5115 | D:5      | Found a basalt altar of Yredelemnul.
  5286 | D:5      | Found Heasming's Assorted Antiques.
  5292 | D:5      | Bought a scroll labelled JUWUWKOUMI for 25 gold pieces
  5292 | D:5      | Bought a scroll labelled JUWUWKOUMI for 25 gold pieces
  5292 | D:5      | Bought a scroll of identify for 50 gold pieces
  5292 | D:5      | Bought a scroll of teleportation for 75 gold pieces
  5586 | D:6      | Reached skill level 9 in Summonings
  5783 | D:6      | Identified the +9 glaive "Ficw" {protect, rF+ SInv}
  5894 | D:5      | Learned a level 4 spell: Summon Lightning Spire
  5956 | D:6      | Noticed Pikel
  5967 | D:6      | Killed Pikel
  5968 | D:6      | Reached skill level 10 in Summonings
  5968 | D:6      | Reached skill level 5 in Polearms
  5968 | D:6      | Reached XP level 9. HP: 57/62 MP: 4/12
  6167 | D:6      | Reached skill level 5 in Fighting
  6269 | D:6      | Noticed Prince Ribbit
  6275 | D:6      | Killed Prince Ribbit
  6710 | D:6      | Reached skill level 1 in Poison Magic
  6844 | D:6      | Found a staircase to the Ecumenical Temple.
  6853 | Temple   | Entered the Ecumenical Temple
  6942 | Temple   | Became a worshipper of Sif Muna the Loreminder
  7620 | D:7      | You fall into a shaft and drop 3 floors!
  7620 | D:10     | Entered Level 10 of the Dungeon
  7657 | D:10     | Reached skill level 10 in Polearms
  7657 | D:10     | Reached skill level 1 in Conjurations
  7657 | D:10     | Reached XP level 10. HP: 24/74 MP: 8/16
  7666 | D:10     | Learned a level 3 spell: Mephitic Cloud
  7877 | D:9      | Found Fulux's Armour Emporium.
  8042 | D:8      | Found a flagged portal.
  8046 | D:8      | Reached * piety under Sif Muna
  8079 | Bailey   | Entered a bailey
  8177 | Bailey   | Reached skill level 1 in Ice Magic
  8487 | Bailey   | Reached skill level 5 in Spellcasting
  8577 | Bailey   | Reached ** piety under Sif Muna
  8790 | Bailey   | Identified the staff of death "Jaquin Xuti" {rElec rPois
                  | rN+ Str+5}
  9412 | D:8      | Reached XP level 11. HP: 79/79 MP: 14/20
  9545 | D:8      | Identified the ring "Bextewk" {Ice Dex+4 Slay+2}
  9712 | D:7      | Found Maxeuhua's Magic Scroll Emporium.
  9715 | D:7      | Bought a scroll of blinking for 82 gold pieces
  9715 | D:7      | Bought a scroll of teleportation for 33 gold pieces
  9715 | D:7      | Bought a scroll of identify for 22 gold pieces
  9715 | D:7      | Bought a scroll of identify for 22 gold pieces
  9715 | D:7      | Bought a scroll of magic mapping for 82 gold pieces
  9715 | D:7      | Bought a scroll of identify for 22 gold pieces
  9752 | D:8      | Noticed Psyche
  9763 | D:8      | Killed Psyche
  9764 | D:8      | Reached skill level 5 in Ice Magic
 10357 | D:7      | Reached *** piety under Sif Muna
 11244 | D:9      | Reached skill level 5 in Air Magic
 12207 | D:9      | Learned a level 5 spell: Freezing Cloud
 12358 | D:10     | Reached **** piety under Sif Muna
 12359 | D:10     | Reached skill level 5 in Conjurations
 13167 | D:11     | Found a staircase to the Lair.
 13180 | D:11     | Noticed a two-headed ogre
 13188 | D:11     | Noticed Erica
 13321 | D:11     | Reached skill level 1 in Invocations
 13380 | D:10     | Killed Erica
 13497 | D:11     | Reached XP level 12. HP: 86/86 MP: 17/22
 13507 | D:11     | Found a gate leading to a gauntlet.
 13517 | Gauntlet | Entered a Gauntlet
 13517 | Gauntlet | Noticed a death yak
 13517 | Gauntlet | Noticed a death yak
 13517 | Gauntlet | Found a transporter.
 13517 | Gauntlet | Found a transporter.
 13517 | Gauntlet | Found a transporter.
 13520 | Gauntlet | Noticed a death yak
 13527 | Gauntlet | Noticed a death yak
 13528 | Gauntlet | Noticed a death yak
 13530 | Gauntlet | Noticed a death yak
 13542 | Gauntlet | Found a transporter.
 13544 | Gauntlet | Found a transporter.
 13550 | Gauntlet | Noticed a death scarab
 13554 | Gauntlet | Found a transporter.
 13567 | Gauntlet | Found a transporter.
 13574 | Gauntlet | Found a transporter.
 13592 | Gauntlet | Found a transporter.
 13600 | Gauntlet | Found a transporter.
 13622 | Gauntlet | Found a transporter.
 13670 | Gauntlet | Found a transporter.
 13920 | Gauntlet | Identified the ring of Moodiness {Fly rElec Will++ Str+3
                  | Slay+3}
 14048 | Gauntlet | Identified the ring "Ciukoiwn" {Ice rN+ Str+3 Int+4 Stlth+}
 14089 | Gauntlet | Reached skill level 5 in Invocations
 14089 | Gauntlet | Reached skill level 1 in Evocations
 14635 | Gauntlet | Killed a death scarab
 14636 | Gauntlet | Reached skill level 5 in Evocations
 14724 | Gauntlet | Identified the +11 trident "Souh" {heavy, *Noise rElec
                  | Str+3}
 14724 | Gauntlet | Noticed a minotaur
 14794 | Gauntlet | Killed a minotaur
 14917 | Gauntlet | Identified the +1 pair of gloves "Lynerph" {rElec Str+2
                  | SInv}
 14918 | Gauntlet | Got Ereshkigal's Octavo of the Charnel House
 14934 | Gauntlet | Identified the +2 ring mail of Ruk Piok {Str+2 Int+4 Dex+4}
 15017 | D:11     | Killed a two-headed ogre
 15214 | D:11     | Found a staircase to the Orcish Mines.
 15339 | D:11     | Noticed a boulder beetle
 15354 | D:11     | Killed a boulder beetle
 15692 | Lair:1   | Entered Level 1 of the Lair of Beasts
 15852 | Lair:1   | Reached ***** piety under Sif Muna
 15865 | Lair:1   | Reached XP level 13. HP: 89/91 MP: 9/23
 15867 | Lair:1   | Received a gift from Sif Muna
 15868 | Lair:1   | Reached skill level 10 in Invocations
 16256 | Lair:1   | Noticed Grum
 16265 | Lair:1   | Killed Grum
 16985 | Lair:2   | Found a hole to the Spider Nest.
 17567 | Lair:2   | Received a gift from Sif Muna
 17574 | Lair:2   | Got Sif Muna's Compilation of the Flock and Transfiguration
                  | {god gift}
 17746 | Lair:2   | Reached skill level 1 in Translocations
 17916 | Lair:2   | Found a staircase to the Swamp.
 18658 | Lair:3   | Reached XP level 14. HP: 60/98 MP: 5/24
 19127 | Lair:3   | Reached skill level 5 in Translocations
 19494 | Lair:3   | Learned a level 5 spell: Summon Forest
 19815 | Lair:4   | Reached skill level 10 in Evocations
 20016 | Lair:4   | Found a viscous altar of Jiyva.
 20021 | Lair:4   | Found a staircase to the Slime Pits.
 20608 | Lair:5   | Entered Level 5 of the Lair of Beasts
 21260 | Lair:5   | Received a gift from Sif Muna
 21261 | Lair:5   | Got Sif Muna's Essays on Conjured Fascination {god gift}
 21732 | Lair:5   | Reached skill level 11 in Summonings
 21919 | Lair:5   | Found a corrupted altar of Lugonu.
 21919 | Lair:5   | Found a one-way gate to the infinite horrors of the Abyss.
 22833 | D:3      | Killed Pargi
 23174 | D:5      | Bought a potion of curing for 75 gold pieces
 23174 | D:5      | Bought 2 potions of mutation for 400 gold pieces
 23174 | D:5      | Bought a potion of invisibility for 200 gold pieces
 23174 | D:5      | Bought a lumpy red potion for 22 gold pieces
 23375 | Orc:1    | Entered Level 1 of the Orcish Mines
 23383 | Orc:1    | Reached XP level 15. HP: 97/103 MP: 15/27
 23385 | Orc:1    | Reached skill level 12 in Summonings
 23696 | Orc:1    | Noticed an orc warlord
 23708 | Orc:1    | Killed an orc warlord
 23709 | Orc:1    | Reached skill level 15 in Polearms
 23974 | Orc:2    | Entered Level 2 of the Orcish Mines
 24342 | Orc:2    | Noticed an orc warlord
 24489 | Orc:2    | Found a staircase to the Elven Halls.
 24493 | Orc:2    | Received a gift from Sif Muna
 24498 | Orc:2    | Got Sif Muna's Tractate on Phantasms {god gift}
 24681 | Orc:2    | Killed an orc warlord
 24682 | Orc:2    | Reached skill level 1 in Hexes
 24936 | Orc:2    | Found Uresilip's Antique Weapon Shop.
 25467 | Orc:2    | Noticed an orc warlord
 25494 | Orc:2    | Killed an orc warlord
 25716 | Orc:2    | Received a gift from Sif Muna
 25730 | Orc:2    | Got Gugi's Thoughts on Earth and Wildfire {god gift}
 25904 | Orc:2    | Learned a level 5 spell: Summon Mana Viper
 26083 | Orc:2    | Found Teph's Antique Armour Shop.
 26084 | Orc:2    | Found Oqyehaz's Antique Weapon Boutique.
 26086 | Orc:2    | Found Weowkint's General Store.
 26086 | Orc:2    | Found Luts's Jewellery Shop.
 26091 | Orc:2    | Bought a potion of haste for 140 gold pieces
 26405 | D:12     | Found a transporter.
 26406 | D:12     | Noticed a fire giant
 26407 | D:12     | Noticed patfeehan111222's ghost (journeyman DsBe)
 26608 | D:12     | Found a transporter.
 26820 | D:12     | Found Jaut's Assorted Antiques.
 27969 | D:13     | Identified the +4 ring mail "Hojec" {Int+2}
 28053 | D:13     | Reached skill level 10 in Fighting
 28130 | D:13     | Found a gate to the Vaults.
 28878 | D:14     | Identified a scroll of acquirement
 28879 | D:14     | Acquired 899 gold pieces
 29003 | D:14     | Identified the +7 falchion "Urijolu" {freeze, rN+ Int+3}
 29313 | D:14     | Reached skill level 13 in Summonings
 29637 | D:15     | Entered Level 15 of the Dungeon
 29703 | D:15     | Reached XP level 16. HP: 122/122 MP: 11/28
 29705 | D:15     | Received a gift from Sif Muna
 29707 | D:15     | Got Camem's Compilation of Terrain and the Glacier {god
                  | gift}
 29724 | D:15     | Found a staircase to the Depths.
 29901 | D:15     | Reached skill level 14 in Summonings
 30098 | D:15     | Found a hide-covered altar of Uskayaw.
 30989 | Elf:1    | Entered Level 1 of the Elven Halls
 31006 | Elf:1    | Reached skill level 1 in Armour
 31320 | Swamp:1  | Entered Level 1 of the Swamp
 31346 | Swamp:1  | Reached skill level 15 in Summonings
 31572 | Swamp:1  | Identified the +5 great mace "Iqylorimp" {protect, Str+5}
 32303 | Swamp:2  | Found a frozen archway.
 32409 | Swamp:1  | Received a gift from Sif Muna
 32414 | Swamp:1  | Got Sif Muna's Fundamentals of Willworking {god gift}
 32487 | Swamp:2  | Reached skill level 5 in Armour
 32513 | IceCv    | Entered an ice cave
 32896 | IceCv    | Reached XP level 17. HP: 88/128 MP: 29/29
 33564 | IceCv    | Learned a level 7 spell: Monstrous Menagerie
 33599 | IceCv    | Reached skill level 16 in Summonings
 35131 | Swamp:3  | Reached skill level 17 in Summonings
 35380 | Swamp:3  | Reached skill level 5 in Dodging
 35803 | Swamp:3  | Identified the +10 dagger of Righteous Anger {drain,
                  | *Corrode rN+ Dex+4 SInv}
 35958 | Swamp:4  | Entered Level 4 of the Swamp
 36174 | Swamp:3  | Received a gift from Sif Muna
 36175 | Swamp:3  | Got Tifeskymi's Essays on Puissant Invitation {god gift}
 36934 | Swamp:4  | Reached skill level 10 in Dodging
 37802 | Swamp:4  | Reached XP level 18. HP: 134/134 MP: 17/31
 38622 | Swamp:4  | Got a decaying rune of Zot
 38730 | Spider:1 | Entered Level 1 of the Spider Nest
 38929 | Lair:2   | Reached skill level 18 in Summonings
 39229 | Lair:2   | Found a staircase to the Swamp.
 39388 | Lair:2   | Found a hole to the Spider Nest.
 40885 | Spider:1 | Learned a level 7 spell: Summon Hydra
 41064 | Spider:1 | Reached skill level 19 in Summonings
 41356 | Spider:1 | Received a gift from Sif Muna
 41357 | Spider:1 | Got Sif Muna's Papyrus of Spelunking and Changing {god
                  | gift}
 43190 | Spider:3 | Received a gift from Sif Muna
 43191 | Spider:3 | Got Sif Muna's Octavo of Damage and Thunder {god gift}
 43357 | Spider:3 | Reached skill level 20 in Summonings
 43876 | Spider:3 | Acquired 917 gold pieces
 43968 | Spider:3 | HP: 5/136 [demonic crawler (10)]
 44661 | Spider:3 | Found a transporter.
 44661 | Spider:3 | Noticed Yvvueqof's ghost (journeyman FeEn)
 44662 | Spider:3 | Found a transporter.
 45117 | Elf:1    | Paralysed by an air elemental for 1 turns
 45161 | Elf:1    | Paralysed by an air elemental for 1 turns
 45522 | Elf:1    | Reached XP level 19. HP: 145/145 MP: 13/32
 46509 | Elf:1    | Learned a level 5 spell: Summon Forest
 46510 | Elf:2    | Found Suleyco's General Store.
 46530 | Elf:2    | Found a crumbling gateway.
 46544 | Desolati | Entered the Desolation of Salt
 46566 | Desolati | HP: 5/142 [saltling (14)]
 46971 | Desolati | Identified the ring "Ihuz" {rPois rF+ Dex+3 SInv}
 47134 | Desolati | Received a gift from Sif Muna
 47135 | Desolati | Got Sif Muna's Enchiridion on Glowing Distance {god gift}
 47451 | Desolati | Got the Cyclopedia of Venomous Mortification
 47452 | Desolati | Identified the amulet "Nidyo" {Spirit -Cast Str+6}
 47459 | Desolati | Identified the +12 great sword "Concordance" {pain, Str+5}
 47580 | Desolati | Identified the ring "Adghy" {rF- rC+ Str+2 Int+3 Slay+5}
 48059 | Desolati | Identified the +1 robe "Jusas" {Str+3}
 48077 | Desolati | Identified the +10 plate armour "Ozyosis" {+Blink}
 48080 | Desolati | Got the Papyrus of Guile and Poison
 48691 | Elf:2    | Acquired 345 gold pieces
 49269 | Elf:2    | Bought a potion of heal wounds for 100 gold pieces
 49269 | Elf:2    | Bought a potion of flight for 60 gold pieces
 49269 | Elf:2    | Bought a potion of curing for 60 gold pieces
 49365 | Elf:2    | Found a runed translucent gate.
 49366 | Elf:2    | Found a runed translucent gate.
 49366 | Elf:2    | Found a runed translucent gate.
 49566 | Elf:2    | Found an ancient bone altar of Kikubaaqudgha.
 49758 | Elf:3    | Entered Level 3 of the Elven Halls
 49764 | Elf:3    | Noticed Aizul
 50125 | Elf:3    | Killed Aizul
 50453 | Elf:3    | Found Untaugg's Jewellery Shoppe.
 50684 | Elf:3    | Found a shimmering blue altar of Sif Muna.
 50707 | Elf:3    | Found Ejobodgh's Weapon Emporium.
 50782 | Elf:3    | Paralysed by an air elemental for 1 turns
 51130 | Elf:3    | Found Tumielin's Jewellery Emporium.
 51142 | Elf:3    | Acquired 995 gold pieces
 51169 | Elf:3    | Found Emudupo's Antique Armour Shop.
 51172 | Elf:3    | Found Xunloc's Weapon Emporium.
 51177 | Elf:3    | Noticed Mara
 51179 | Elf:3    | Noticed themarg's illusion
 51188 | Elf:3    | Killed Mara
 51189 | Elf:3    | Reached XP level 20. HP: 161/161 MP: 2/33
 51640 | Elf:3    | Received a gift from Sif Muna
 51641 | Elf:3    | Reached skill level 15 in Fighting
 51641 | Elf:3    | Got Sif Muna's Discursus on the Massed Birds {god gift}
 51838 | Abyss:2  | Cast into level 2 of the Abyss (a deep elf sorcerer)
 51881 | Abyss:2  | Noticed a bone dragon
 51892 | Abyss:2  | Killed a bone dragon
 51977 | Abyss:2  | Found a corrupted altar of Lugonu.
 52303 | Elf:3    | Escaped the Abyss
 52447 | Elf:3    | Identified the +3 morningstar of the Forging Gods {heavy,
                  | Int+6 SInv}
 52447 | Elf:3    | Identified the ring of Raar {rElec rF++ rC+ MP+9}
 53103 | Elf:3    | Identified the staff of poison "Zapuci" {rPois rF+ rN+ MP+9
                  | Int-4}
 53253 | Elf:3    | Identified the staff of conjuration "Lusu" {Int+4}
 53704 | Spider:4 | Entered Level 4 of the Spider Nest
 53706 | Spider:4 | Identified the +0 plate armour of Entitlement {rElec Regen+
                  | Slay-3}
 54384 | Spider:4 | Noticed Louise
 54394 | Spider:4 | Killed Louise
 55288 | Spider:4 | Noticed Arachne
 55523 | Spider:4 | Noticed Donald
 55529 | Spider:4 | Killed Donald
 56267 | Spider:4 | Paralysed by a jorogumo for 3 turns
 56493 | Spider:4 | Paralysed by a jorogumo for 3 turns
 56757 | Spider:4 | Reached XP level 21. HP: 167/168 MP: 0/34
 56993 | Spider:4 | Got a gossamer rune of Zot
 57136 | Spider:4 | Learned a level 7 spell: Malign Gateway
 57441 | Vaults:1 | Entered Level 1 of the Vaults
 57446 | Vaults:1 | Reached skill level 10 in Translocations
 57504 | Vaults:1 | Learned a level 2 spell: Blink
 57528 | Vaults:1 | Noticed Asterion
 57577 | Vaults:1 | Reached skill level 15 in Invocations
 57924 | Vaults:1 | Received a gift from Sif Muna
 57925 | Vaults:1 | Reached skill level 1 in Necromancy
 57925 | Vaults:1 | Got Sif Muna's Omnibus of Grisly Adjuration {god gift}
 59419 | Vaults:1 | Found Gozag's Antique Armour Shoppe.
 59420 | Vaults:1 | Found Gozag's Assorted Antiques.
 59452 | Vaults:1 | Found an opulent altar of Gozag.
 59455 | Vaults:1 | Acquired the +3 warlock's mirror {omnireflect}
 59455 | Vaults:1 | Found the +3 warlock's mirror {omnireflect}
 59634 | Vaults:1 | Found Gozag's Antique Armour Shoppe.
 59648 | Vaults:1 | Reached skill level 1 in Shields
 59780 | Vaults:1 | Killed Asterion
 60320 | Vaults:1 | Found Quobrauq's Book Shop.
 61303 | Vaults:2 | Identified the +0 ring mail of the Camelopard {MP+9}
 61431 | Vaults:2 | Reached skill level 10 in Spellcasting
 61619 | Vaults:2 | Reached skill level 5 in Necromancy
 62258 | Vaults:2 | Found Maxt's Antique Armour Shop.
 62688 | Vaults:2 | Received a gift from Sif Muna
 62689 | Vaults:2 | Got Sif Muna's Precepts of Topological Beguiling {god gift}
 62939 | Vaults:2 | Found a staircase to the Crypt.
 63112 | Vaults:2 | Reached skill level 5 in Shields
 63123 | Vaults:2 | Reached XP level 22. HP: 175/175 MP: 5/36
 63148 | Vaults:2 | Reached skill level 21 in Summonings
 63597 | Vaults:2 | Found a huge runed gate.
 63598 | Vaults:2 | Found a huge runed gate.
 63599 | Vaults:2 | Found a huge runed gate.
 63599 | Vaults:2 | Found a huge runed gate.
 63600 | Vaults:2 | Found a huge runed gate.
 63600 | Vaults:2 | Found a huge runed gate.
 63601 | Vaults:2 | Found a huge runed gate.
 63601 | Vaults:2 | Found a huge runed gate.
 63601 | Vaults:2 | Found a huge runed gate.
 63601 | Vaults:2 | Found a huge runed gate.
 63601 | Vaults:2 | Found a huge runed gate.
 63602 | Vaults:2 | Found a huge runed gate.
 63603 | Vaults:2 | Found a huge runed gate.
 63603 | Vaults:2 | Found a huge runed gate.
 63604 | Vaults:2 | Found a huge runed gate.
 63605 | Vaults:2 | Found a huge runed gate.
 63606 | Vaults:2 | Found a huge runed gate.
 63614 | Vaults:2 | Found a huge runed gate.
 63614 | Vaults:2 | Found a huge runed gate.
 63614 | Vaults:2 | Found a huge runed gate.
 63614 | Vaults:2 | Found a huge runed gate.
 63614 | Vaults:2 | Found a huge runed gate.
 63614 | Vaults:2 | Found a huge runed gate.
 63615 | Vaults:2 | Found a huge runed gate.
 63645 | Vaults:2 | Learned a level 8 spell: Summon Horrible Things
 63725 | Vaults:2 | Found a huge runed gate.
 63726 | Vaults:2 | Found a huge runed gate.
 63734 | Vaults:2 | Found a huge runed gate.
 63734 | Vaults:2 | Found a huge runed gate.
 63734 | Vaults:2 | Found a huge runed gate.
 63734 | Vaults:2 | Found a huge runed gate.
 63734 | Vaults:2 | Found a huge runed gate.
 63734 | Vaults:2 | Found a huge runed gate.
 63735 | Vaults:2 | Found a huge runed gate.
 63736 | Vaults:2 | Found a huge runed gate.
 63736 | Vaults:2 | You are sucked into a shaft and drop 1 floor!
 63883 | Vaults:2 | Found a huge runed gate.
 63884 | Vaults:2 | Found a huge runed gate.
 64113 | Vaults:3 | Found Nateh's Assorted Antiques.
 64117 | Vaults:3 | Bought a scroll of teleportation for 90 gold pieces
 64117 | Vaults:3 | Bought a potion of heal wounds for 150 gold pieces
 64117 | Vaults:3 | Bought a scroll of magic mapping for 225 gold pieces
 65148 | Vaults:3 | Noticed a golden dragon
 65168 | Vaults:3 | Killed a golden dragon
 65846 | Vaults:3 | Found Qasm's Jewellery Boutique.
 65885 | Vaults:3 | Noticed Margery
 65900 | Vaults:3 | Killed Margery
 66307 | Vaults:3 | Found Molacsatt's Antique Armour Emporium.
 66809 | Vaults:4 | Found Vorobbun's Weapon Shoppe.
 67372 | Vaults:4 | Received a gift from Sif Muna
 67373 | Vaults:4 | Got Sif Muna's Enchiridion on Dislocated Lamentation {god
                  | gift}
 69388 | Depths:1 | Entered Level 1 of the Depths
 69704 | D:15     | Reached skill level 22 in Summonings
 69814 | Depths:1 | Found Fusy's Self-Improvement Boutique.
 69916 | Depths:1 | Reached XP level 23. HP: 129/181 MP: 21/38
 69940 | Depths:1 | Reached skill level 10 in Shields
 70590 | Depths:1 | Received a gift from Sif Muna
 70591 | Depths:1 | Got Rayla's Meditations on Diablerie and Apparitions {god
                  | gift}
 70867 | Depths:1 | Identified the ring of Agnosticism {rF+ Str+6 Int+3}
 70900 | Depths:1 | Noticed the Enchantress
 70955 | Depths:1 | Killed the Enchantress
 71112 | Depths:1 | Found a gateway to Hell.
 71502 | Depths:2 | Found a one-way gateway to a ziggurat.
 71585 | Depths:2 | Noticed Sojobo
 71972 | Depths:2 | Noticed a caustic shrike
 71981 | Depths:2 | Killed a caustic shrike
 72234 | Depths:2 | Paralysed by an air elemental for 1 turns
 72236 | Depths:2 | Paralysed by an air elemental for 1 turns
 72244 | Depths:2 | Paralysed by an air elemental for 1 turns
 72248 | Depths:2 | Paralysed by an air elemental for 1 turns
 72254 | Depths:2 | Paralysed by an air elemental for 1 turns
 72327 | Depths:2 | Killed Sojobo
 72442 | Depths:2 | Learned a level 2 spell: Sublimation of Blood
 72491 | Depths:2 | Found a one-way gate leading to the halls of Pandemonium.
 73398 | Depths:2 | Found Kuvvoc's Assorted Antiques.
 73401 | Depths:2 | Bought a wand of mindburst (7) for 411 gold pieces
 73734 | Depths:2 | Received a gift from Sif Muna
 73735 | Depths:2 | Got Sif Muna's Verses on the Kinetic Sky {god gift}
 73738 | Depths:2 | Identified the +3 sling of Orreirho {speed, rCorr}
 74436 | Depths:3 | Noticed a juggernaut
 74449 | Depths:3 | Killed a juggernaut
 75354 | Depths:3 | Reached skill level 15 in Spellcasting
 75669 | Depths:3 | Reached XP level 24. HP: 167/187 MP: 3/42
 76224 | Depths:3 | Received a gift from Sif Muna
 76225 | Depths:3 | Got Sif Muna's Secrets of the Amassed Atmosphere {god gift}
 76619 | Depths:3 | Noticed a caustic shrike
 76633 | Depths:3 | Killed a caustic shrike
 77259 | Depths:3 | Reached skill level 23 in Summonings
 77645 | Depths:3 | Noticed a caustic shrike
 77649 | Depths:3 | Killed a caustic shrike
 77733 | Depths:3 | Noticed Boris
 77750 | Depths:3 | Killed Boris
 77843 | Depths:3 | Identified the staff of fire "Umaeco" {rPois rF+ MP+9}
 78535 | Depths:3 | Learned a level 7 spell: Haunt
 78537 | Depths:4 | Entered Level 4 of the Depths
 78803 | Depths:4 | Noticed Boris
 78814 | Depths:4 | Killed Boris
 78910 | Depths:4 | Reached skill level 24 in Summonings
 80575 | Depths:4 | Found a blossoming altar of Fedhas.
 81039 | Depths:4 | Received a gift from Sif Muna
 81040 | Depths:4 | Got Sif Muna's Discursus on Unholy Arts and the Atmosphere
                  | {god gift}
 81144 | Depths:4 | Reached skill level 1 in Earth Magic
 81266 | Depths:4 | Found a gate to the Realm of Zot.
 81694 | D:12     | Killed patfeehan111222's ghost
 81771 | D:12     | Identified the staff of poison "Iggav" {rPois rF+ rCorr
                  | Str+2}
 81953 | Spider:3 | Killed Yvvueqof's ghost
 81961 | Spider:3 | HP: 8/166 [poisoned by an emperor scorpion]
 81966 | Spider:3 | HP: 6/166 [poisoned by an emperor scorpion]
 82137 | Spider:3 | Reached XP level 25. HP: 108/167 MP: 0/42
 82144 | Spider:3 | Identified the +0 pair of boots of Omeinic {+Blink rN+
                  | Regen+ Int-3}
 82147 | Spider:3 | Identified the +1 helmet of Greed {rCorr}
 82885 | Spider:4 | Killed Arachne
 83429 | Depths:1 | Bought a manual of Invocations for 960 gold pieces
 83610 | Crypt:1  | Entered Level 1 of the Crypt
 83615 | Crypt:1  | Noticed Frederick
 83624 | Crypt:1  | Killed Frederick
 85202 | Crypt:1  | Learned a level 5 spell: Borgnjor's Vile Clutch
 85253 | Crypt:2  | Received a gift from Sif Muna
 85254 | Crypt:2  | Got Teis's Secrets of the Unholy Volcano {god gift}
 85258 | Crypt:2  | Reached skill level 25 in Summonings
 85266 | Crypt:2  | Reached skill level 5 in Earth Magic
 86059 | Crypt:2  | Found the +27 heavy crossbow "Sniper" {heavy, Acc+∞ SInv}
 86243 | Crypt:2  | Identified the +1 chain mail of Ijysi {rElec rN+ Dex+3
                  | Stlth-}
 86243 | Crypt:2  | Identified the +5 lajatang "Quirugof" {heavy, rElec rN+
                  | Str-3 Dex+3}
 86589 | Crypt:3  | Entered Level 3 of the Crypt
 87012 | Crypt:3  | Noticed a dread lich
 87793 | Crypt:3  | Killed a dread lich
 87839 | Crypt:3  | Received a gift from Sif Muna
 88219 | Crypt:3  | Found a staircase to the Tomb.
 88609 | Crypt:3  | Identified the amulet "Gitok" {rF++ Regen+ rCorr}
 88734 | Crypt:3  | Found a basalt altar of Yredelemnul.
 88767 | Crypt:3  | Identified the +3 glaive of Goribomo {flame, Str+4}
 88767 | Crypt:3  | Identified the ring "Sooremim" {rN+ Str+4}
 89114 | Crypt:3  | Reached XP level 26. HP: 188/193 MP: 41/44
 89521 | Crypt:3  | Noticed a royal mummy
 89522 | Crypt:3  | Received a gift from Sif Muna
 89553 | Crypt:3  | Noticed Jory
 89735 | Crypt:3  | Killed Jory
 89856 | Crypt:3  | Noticed a royal mummy
 89876 | Crypt:3  | Noticed Khufu
 89911 | Crypt:3  | Killed a royal mummy
 89923 | Crypt:3  | Killed Khufu
 89924 | Crypt:3  | Killed a royal mummy
 90237 | Crypt:3  | Learned a level 9 spell: Dragon's Call
 90603 | Vaults:2 | Found a staircase to the Crypt.
 91264 | Vaults:2 | Found Maxt's Antique Armour Shop.
 91333 | Vaults:2 | Upgraded the game from 0.31-a0-1-g4198be8af4 to
                  | 0.31-a0-4-gefa6de2278
 91862 | Slime:1  | Entered Level 1 of the Pits of Slime
 92057 | Slime:3  | Gained mutation: You are clumsy. (Dex -2) [a shining eye]
 92058 | Slime:3  | Gained mutation: You are dopey. (Int -2) [a shining eye]
 92238 | Slime:3  | Gained mutation: Potions are less effective at restoring
                  | your health. [a shining eye]
 92255 | Slime:3  | Lost mutation: Potions are less effective at restoring your
                  | health. [potion of mutation]
 92255 | Slime:3  | Lost mutation: You are dopey. (Int -2) [potion of mutation]
 92255 | Slime:3  | Lost mutation: You are clumsy. (Dex -2) [potion of
                  | mutation]
 92255 | Slime:3  | Gained mutation: You have hidden genetic defects. [potion
                  | of mutation]
 92255 | Slime:3  | Gained mutation: Your muscles are strong. (Str +4, Int/Dex
                  | -1) [potion of mutation]
 92256 | Slime:3  | Lost mutation: Your muscles are strong. (Str +4, Int/Dex
                  | -1) [potion of mutation]
 92256 | Slime:3  | Lost mutation: You have hidden genetic defects. [potion of
                  | mutation]
 92256 | Slime:3  | Gained mutation: Your mind is acute. (Int +4, Str/Dex -1)
                  | [potion of mutation]
 92256 | Slime:3  | Gained mutation: You have a pair of small horns on your
                  | head. [potion of mutation]
 92256 | Slime:3  | Gained mutation: A frigid envelope surrounds you and
                  | freezes all who hurt you. [potion of mutation]
 92273 | Slime:4  | Reached skill level 10 in Earth Magic
 92658 | Slime:5  | Entered Level 5 of the Pits of Slime
 92666 | Slime:5  | Gained mutation: You passively dampen the noise of your
                  | surroundings. [a shining eye]
 93200 | Slime:5  | Noticed the Royal Jelly
 93205 | Slime:5  | Killed the Royal Jelly
 93422 | Slime:5  | Identified the +2 short sword "Hydraslayer" {pain, rF++
                  | Str+2}
 93425 | Slime:5  | Identified the +8 shortbow "Embalmer" {freeze, rC++ Will+
                  | Int+2}
 93450 | Slime:5  | Found the +10 zealot's sword {holy, Zealotry, *Rage rN+
                  | EV+3}
 93465 | Slime:5  | Identified the ring of Okawaru's Vengeance {rN+ AC+4}
 93478 | Slime:5  | Got a slimy rune of Zot
 93911 | Orc:2    | Bought a potion of cancellation for 112 gold pieces
 93911 | Orc:2    | Bought a scroll of poison for 56 gold pieces
 93911 | Orc:2    | Bought a scroll of poison for 56 gold pieces
 93911 | Orc:2    | Bought a scroll of vulnerability for 56 gold pieces
 93925 | Orc:2    | Bought a pair of ichor-stained boots for 332 gold pieces
 93925 | Orc:2    | Identified the +0 pair of boots of Gozag's Esteem {rPois
                  | rF+ Dex+3 SInv} (You bought it in a shop on level 2 of the
                  | Orcish Mines)
 94137 | Vaults:1 | Bought a wand of charming (4) for 960 gold pieces
 94137 | Vaults:1 | Bought a wand of iceblast (2) for 480 gold pieces
 94137 | Vaults:1 | Bought a scroll of poison for 400 gold pieces
 94343 | Zot:1    | Entered Level 1 of the Realm of Zot
 94392 | Zot:1    | Reached XP level 27. HP: 175/207 MP: 16/45
 94746 | Zot:1    | Received a gift from Sif Muna
 94978 | Zot:1    | Learned a level 6 spell: Dispersal
 94983 | Zot:1    | Learned a level 4 spell: Passage of Golubria
 95379 | Zot:2    | Reached skill level 15 in Shields
100004 | Zot:5    | Entered Level 5 of the Realm of Zot
100031 | Zot:5    | Reached skill level 10 in Armour
100031 | Zot:5    | Received a gift from Sif Muna
100847 | Zot:5    | Noticed an orb of fire
100868 | Zot:5    | Killed an orb of fire
101399 | Zot:5    | Noticed a dread lich
101402 | Zot:5    | Killed a dread lich
101403 | Zot:5    | Noticed an orb of fire
101404 | Zot:5    | Noticed an orb of fire
102004 | Zot:5    | Gained mutation: You occasionally lose the ability to read
                  | scrolls when taking damage. [an orb of fire]
102141 | Zot:4    | Lost mutation: You have a pair of small horns on your head.
                  | [potion of mutation]
102141 | Zot:4    | Lost mutation: A frigid envelope surrounds you and freezes
                  | all who hurt you. [potion of mutation]
102141 | Zot:4    | Lost mutation: You occasionally lose the ability to read
                  | scrolls when taking damage. [potion of mutation]
102141 | Zot:4    | Lost mutation: Your mind is acute. (Int +4, Str/Dex -1)
                  | [potion of mutation]
102461 | Vaults:1 | Bought a shiny helmet for 750 gold pieces
102886 | Zot:5    | Killed an orb of fire
103083 | Zot:5    | Noticed an orb of fire
103104 | Zot:5    | Killed an orb of fire
103170 | Zot:5    | Killed an orb of fire
103484 | Zot:5    | Noticed an orb of fire
103492 | Zot:5    | Killed an orb of fire
103574 | Zot:5    | Learned a level 1 spell: Apportation
103581 | Zot:5    | Got the Orb of Zot
103843 | Depths:3 | Reached skill level 10 in Necromancy
104236 | D:$      | Escaped with the Orb!

Illustrated notes

Levels and vault maps discovered:
D:1:      dpeg_arrival_long_road, layout_loops_ring, minmay_tromino_v4_c
D:2:      layout_loops_ring, basic_ecumenical_altar, basic_altar, uniq_natasha
D:3:      layout_loops_ring, uniq_pargi
D:4:      layout_cave_pools, chequers_serial_rivers_small_3, minmay_distorted,
          uniq_robin
D:5:      layout_loops_corners, grunt_temple_overflow_lords_of_destruction,
          yredelemnul_altar_generic, lemuel_crystal_altar, tso_altar,
          nicolae_overflow_two_pavilions, serial_shops, nicolae_shop_trees
D:6:      layout_layer_cave, lemuel_temple_firewalk_b, uniq_prince_ribbit1,
          uniq_pikel
D:7:      layout_loops_ring, serial_shops, nicolae_take_the_stairs,
          item_on_display_a
D:8:      layout_gridville, enter_bailey_3, uniq_psyche
D:9:      layout_irregular_city, serial_shops, shop, minivault_23
D:10:     layout_small_grid
D:11:     layout_basic, due_lair_maze_entry_diamond,
          kennysheep_orc_monster_closet_entryway, gauntlet_entry_generic,
          uniq_erica
D:12:     layout_stronghold, gammafunk_ghost_arena, serial_shops, shop
D:13:     nicolae_cairo_tiling, layout_loops_ring
D:14:     layout_long_grid, serial_park_tiny_1, chequers_garden,
          dreamdust_princess_bridge
D:15:     hangedman_depths_entry_civil_slaughter, layout_loops_ring,
          special_room [special_room_orc], nicolae_uskayaw_en_pointe,
          minmay_misc_feat_four_crosses, wad_floor_pattern_1,
          hangedman_abyss_or_decor_lesser_grid
Temple:   nicolae_temple_bog_church
Lair:1:   beast_lair_carwin_large_2, layout_cave_shapes, minivault_11, uniq_grum
Lair:2:   layout_layer_cave, skrybe_swamp_entry_bodies, spider_nest_entry_webs,
          serial_bayou_pond_a, infiniplex_staircase_pool, serial_bayou_shore_a,
          serial_bayou_shore_b
Lair:3:   layout_hall_layers, grunt_megastairs_1
Lair:4:   layout_cellular_growth, nicolae_slime_entry_field_trip
Lair:5:   hellmonk_lair_end_abyssal_woods, layout_gridlike,
          chequers_serial_rivers_small_3, lemuel_old_faithful,
          infiniplex_staircase_pool_2
Swamp:1:  layout_falls_marsh, evilmike_swamp_ruin_house_1, swamp_pool3
Swamp:2:  nicolae_swamp_tree_isthmus, layout_basic_swamp,
          portal_ice_cave_entry_ugly_swarm, hangedman_swamp_cone
Swamp:3:  layout_falls_marsh, nicolae_swamp_orc_logging_accident
Swamp:4:  swamp, layout_basic_swamp
Spider:1: layout_spider_delve
Spider:2: layout_spider_delve
Spider:3: layout_spider_delve, gammafunk_ghost_arena
Spider:4: johnstein_spider_rune_arachne_lair, uniq_louise, uniq_donald
Slime:1:  layout_caves
Slime:2:  layout_caves
Slime:3:  layout_caves, special_room [special_room_jelly]
Slime:4:  layout_caves, special_room [special_room_jelly]
Slime:5
Orc:1:    layout_caves, lightli_orcish_oven
Orc:2:    st_orc_congregation, layout_caves, serial_shops, shop
Elf:1:    nicolae_elf_arrival_no_cutting_in_line, layout_geoelf_diagonals,
          hangedman_elf_disciples
Elf:2:    nicolae_elf_blades_crystal_corner, layout_onion_city,
          portal_desolation_entry_ruin, basic_altar, serial_shops, shop,
          nicolae_elf_big_sculpture_1, grunt_ministairs_3,
          small_statue_intersection
Elf:3:    minmay_elf_hall_furrowed, layout_geoelf_octagon, serial_shops,
          shop_fountains, nicolae_shop_getting_attention, nicolae_shop_trees,
          shop, nicolae_shop_tiny_real_fake_doors, basic_altar,
          grunt_ministairs_6, st_stairs_11, uniq_mara, uniq_aizul
Vaults:1: nicolae_vaults_lightning_bolt, nicolae_vaults_offset_grid_hallway_4,
          nicolae_vaults_diamond_2, v_alt_pattern_2, nicolae_vaults_little_ls,
          v_misc_33, v_misc_3, kennysheep_vaults_gozag_temple,
          vaults_mumra_hexcomb, hangedman_vaults_snaps, layout_vaults_big_room,
          serial_shops, nicolae_shop_trees, uniq_asterion
Vaults:2: nicolae_vaults_mitosis, v_misc_26,
          nicolae_vaults_trapezoid_lopsided_2, vaults_room_ringed_pool,
          v_misc_11, nicolae_vaults_border_crossing, vaults_room_hallway,
          vaults_dpeg_hooks, vaults_room_grid, nicolae_vaults_arrows,
          not_door_vault_due, v_pattern_2, grunt_vaults_hallway_long,
          vaults_dpeg_encased_lava, layout_vaults_maze, serial_shops,
          nicolae_shop_hallway_plus
Vaults:3: nicolae_vaults_little_guard_posts, nicolae_vaults_alarming,
          v_pattern_4, hangedman_vaults_stitches, vaults_room_corners,
          nicolae_vaults_tangram_1, v_misc_5, nicolae_vaults_house_2, v_misc_30,
          nicolae_vaults_circle_grid_a, vaults_room_pools,
          layout_vaults_omnigrid, serial_shops, nicolae_shop_peninsula, shop,
          shop, uniq_margery
Vaults:4: nicolae_vaults_closet_pinwheel_3,
          nicolae_vaults_shipping_containers_5, grunt_vaults_funnel,
          vaults_room_door_hall, vaults_room_hallway,
          nicolae_vaults_double_plus_1, ontoclasm_vaults_ligature,
          vaults_mumra_chevron_long, nicolae_vaults_surprise_closet,
          layout_vaults_omnicross, serial_shops, shop
Crypt:1:  layout_misc_corridors, uniq_frederick
Crypt:2:  layout_chaotic_city, beargit_elvish_explorers
Crypt:3:  church_of_pain_bobbens, layout_chaotic_city,
          nicolae_tomb_entry_unfolded_pyramid_orthogonal, uniq_jory, uniq_khufu
Depths:1: layout_gridlike, chequers_big_river, pf_dread_powers_of_hell,
          nicolae_shop_self_help, uniq_enchantress
Depths:2: minmay_tile_spiral, layout_cave_pools, enter_ziggurat_c, serial_shops,
          kennysheep_mini, nicolae_twisting_strands, hell_entry, pan_entry,
          uniq_sojobo
Depths:3: box_level_dp, abyss_entry, hell_entry, uniq_boris
Depths:4: grunt_zot_entry_hairpin, layout_cave_shapes, minmay_stone_trees_small,
          rand_demon_pan_entry_9, pf_coc_iceberg, fedhas_altar_fruit_tree
Zot:1:    layout_misc_corridors, grunt_megastairs_4
Zot:2:    layout_basic, grunt_megastairs_3, lemuel_elevator
Zot:3:    layout_gridville
Zot:4:    layout_gridlike, uniq_parghit
Zot:5:    layout_gridlike, grunt_ministairs_6, st_stairs_14

Skill      XL: |  1  2  3  4  5  6  7  8  9 10 11 12 13 14 15 16 17 18 19 20 21 22 23 24 25 26 27 |
---------------+----------------------------------------------------------------------------------+-----
Summonings     | 5 6 7 8 10 11 13 15 17 20 22 24 25 | 25.0
Dodging        | 3 10 | 10.0
Stealth        | 3 4 |  4.0
Polearms       | 1 3 5 10 14 16 | 16.0
Air Magic      | 2 4 6 7 |  7.0
Fighting       | 2 5 10 11 14 15 | 15.0
Spellcasting   | 4 6 7 8 9 10 11 15 17 18 20 | 20.0
Poison Magic   | 3 |  3.0
Conjurations   | 1 3 6 7 |  7.0
Ice Magic      | 4 6 8 |  8.0
Invocations    | 3 9 10 11 14 15 18 | 18.9
Evocations     | 5 8 10 12 | 12.7
Translocations | 4 5 7 9 10 | 10.0
Hexes          | 3 |  3.0
Armour         | 5 10 | 10.0
Necromancy     | 5 7 8 10 | 10.0
Shields        | 5 9 10 13 15 | 15.0
Earth Magic    | 2 7 10 | 10.0

Action                     |  1- 3 |  4- 6 |  7- 9 | 10-12 | 13-15 | 16-18 | 19-21 | 22-24 | 25-27 || total
---------------------------+-------+-------+-------+-------+-------+-------+-------+-------+-------++-------
  Melee: Unarmed           |    13 |       |       |       |       |       |       |       |       ||    13
         Dagger            |    21 |       |       |       |       |       |       |       |       ||    21
         Hand axe          |     7 |    13 |       |       |       |       |       |       |       ||    20
         Spear             |       |    13 |       |       |       |       |       |       |       ||    13
         Trident           |       |    21 |    48 |       |       |       |       |       |       ||    69
         Glaive            |       |       |    40 |   227 |   447 |   593 |   550 |       |       ||  1857
         Tailslap          |       |       |       |     3 |       |       |       |       |       ||     3
         Demon trident     |       |       |       |       |       |       |   191 |   945 |   969 ||  2105
         Punch             |       |       |       |       |       |       |     3 |       |       ||     3
         Headbutt          |       |       |       |       |       |       |       |       |    63 ||    63
  Throw: Throwing net      |       |       |       |       |       |       |       |       |     1 ||     1
   Cast: Summon Small Mamm |    38 |     8 |       |       |       |       |       |       |       ||    46
         Call Imp          |    10 |     8 |     9 |     1 |     1 |       |       |       |       ||    29
         Call Canine Famil |     2 |    16 |    29 |    68 |    80 |    22 |       |       |       ||   217
         Summon Lightning  |       |       |    16 |    88 |   105 |    48 |     1 |       |       ||   258
         Mephitic Cloud    |       |       |       |    13 |     9 |    11 |       |       |       ||    33
         Freezing Cloud    |       |       |       |     4 |    61 |    51 |    10 |     6 |    14 ||   146
         Summon Forest     |       |       |       |       |    23 |    19 |    12 |     1 |       ||    55
         Summon Mana Viper |       |       |       |       |    15 |    27 |     1 |       |       ||    43
         Monstrous Menager |       |       |       |       |       |   189 |   282 |   317 |   167 ||   955
         Summon Hydra      |       |       |       |       |       |    13 |   104 |   118 |     1 ||   236
         Malign Gateway    |       |       |       |       |       |       |     1 |    28 |    17 ||    46
         Summon Horrible T |       |       |       |       |       |       |       |    31 |    24 ||    55
         Sublimation of Bl |       |       |       |       |       |       |       |     4 |     1 ||     5
         Blink             |       |       |       |       |       |       |       |     3 |    18 ||    21
         Haunt             |       |       |       |       |       |       |       |       |   139 ||   139
         Borgnjor's Vile C |       |       |       |       |       |       |       |       |   120 ||   120
         Dragon's Call     |       |       |       |       |       |       |       |       |    34 ||    34
         Chain Lightning   |       |       |       |       |       |       |       |       |     3 ||     3
         Death's Door      |       |       |       |       |       |       |       |       |     2 ||     2
         Apportation       |       |       |       |       |       |       |       |       |     2 ||     2
         Dispersal         |       |       |       |       |       |       |       |       |     1 ||     1
         Shatter           |       |       |       |       |       |       |       |       |     1 ||     1
 Invoke: Channel Magic     |       |       |       |     1 |     1 |    12 |     5 |     3 |     7 ||    29
         Forget Spell      |       |       |       |       |       |     1 |     1 |     1 |     1 ||     4
         Divine Exegesis   |       |       |       |       |       |       |       |       |     6 ||     6
  Evoke: Wand              |       |       |     2 |     4 |       |     2 |     2 |     6 |     7 ||    23
         Box of beasts     |       |       |       |     1 |       |     3 |     1 |     1 |       ||     6
         Phantom mirror    |       |       |       |       |       |       |       |       |     3 ||     3
         Lightning rod     |       |       |       |       |       |       |       |       |     2 ||     2
    Use: Scroll            |       |       |     6 |    21 |    10 |    17 |    19 |     4 |    12 ||    89
         Potion            |       |       |       |     2 |       |    11 |     7 |     4 |    18 ||    42
   Stab: Distracted        |     1 |       |     3 |     9 |    13 |    19 |    23 |    47 |    47 ||   162
         Sleeping          |       |     1 |       |       |     5 |     4 |     1 |       |     3 ||    14
         Confused          |       |       |       |     1 |     1 |     4 |     4 |     2 |       ||    12
         Petrified         |       |       |       |       |     4 |       |       |       |       ||     4
         Petrifying        |       |       |       |       |     1 |       |       |       |       ||     1
         Paralysed         |       |       |       |       |       |     1 |     8 |     3 |     2 ||    14
 Armour: Robe              |     6 |     4 |     4 |    49 |   147 |    10 |       |       |       ||   220
         Acid dragon scale |       |       |       |    19 |       |       |       |    23 |   236 ||   278
         Troll leather arm |       |       |       |       |       |    83 |   325 |   162 |       ||   570
         Swamp dragon scal |       |       |       |       |       |   341 |       |       |       ||   341
         Skin              |       |       |       |       |       |       |       |       |    93 ||    93
  Dodge: Dodged            |    28 |    35 |    56 |   267 |   218 |   500 |   475 |   336 |   482 ||  2397
  Block: Buckler           |       |       |       |       |       |       |       |   269 |   451 ||   720
         Reflection        |       |       |       |       |       |       |       |    58 |    41 ||    99

Table legend: (Time is in decaauts)
 A = Elapsed time spent in this place.
 B = Non-inter-level travel time spent in this place.
 C = Inter-level travel time spent in this place.
 D = Time resting spent in this place.
 E = Time spent auto-exploring this place.
 F = Levels seen in this place.
 G = Mean time per level.
                   A        B        C        D        E       F      G
               +--------+--------+--------+--------+--------+-----+--------+
         Total | 103004 |  95983 |   7021 |  22047 |  53812 |  60 | 1716.7 |
       Dungeon |  20640 |  17905 |   2735 |   1079 |  13605 |  15 | 1376.0 |
        Temple |     93 |     82 |     11 |      0 |     57 |   1 |   93.0 |
          Lair |   8662 |   7994 |    668 |    420 |   6386 |   5 | 1732.4 |
         Swamp |   5328 |   5204 |    124 |   2055 |   2197 |   4 | 1332.0 |
   Spider Nest |   9730 |   9204 |    526 |   4288 |   2626 |   4 | 2432.5 |
    Slime Pits |   1837 |   1815 |     22 |    824 |    130 |   5 |  367.4 |
  Orcish Mines |   3041 |   2784 |    257 |    287 |   1923 |   2 | 1520.5 |
   Elven Halls |   6454 |   6197 |    257 |   1595 |   3313 |   3 | 2151.3 |
        Vaults |  13225 |  12336 |    889 |   2075 |   8533 |   4 | 3306.2 |
         Crypt |   6755 |   6396 |    359 |   1731 |   3172 |   3 | 2251.7 |
        Depths |  11942 |  11164 |    778 |   2491 |   6486 |   4 | 2985.5 |
           Zot |   8809 |   8418 |    391 |   2411 |   4228 |   5 | 1761.8 |
         Abyss |    443 |    443 |      0 |     34 |      0 |   1 |  443.0 |
        Bailey |    942 |    942 |      0 |    385 |    203 |   1 |  942.0 |
      Ice Cave |   1714 |   1714 |      0 |    836 |    224 |   1 | 1714.0 |
    Desolation |   1926 |   1926 |      0 |    802 |    487 |   1 | 1926.0 |
      Gauntlet |   1457 |   1457 |      0 |    732 |    239 |   1 | 1457.0 |
               +--------+--------+--------+--------+--------+-----+--------+

Top non-repeatable levels by time:
Depths:3: 4574 daAuts
Spider:4: 4384 daAuts
Vaults:2: 4378 daAuts
Vaults:1: 3540 daAuts
   Elf:3: 3049 daAuts
  Lair:2: 2926 daAuts
Vaults:4: 2885 daAuts
 Crypt:3: 2862 daAuts
Depths:4: 2784 daAuts
   Zot:5: 2682 daAuts
Vaults:3: 2420 daAuts
Depths:1: 2362 daAuts
Depths:2: 2221 daAuts
 Crypt:2: 2171 daAuts
    D:12: 2099 daAuts
